AoeStats
← purotte^

Nomad

507107692Analyzed
4v4 RM · 14d ago on Sep 16, 2026· 41m 40s· 8 players
Game mode
Random Map
Map size
231×231
Population
200
Speed
Normal
Resources
Standard
Victory
Conquest
Starting age
Dark Age
Ending age
Imperial Age
RankedLock teamsTeams togetherTeam positionsShared explorationLock speedFull tech treeHidden civsTurbo modeCheats
Victory
Defeat
🇨🇦 Portuguese · Canada
990
+12
🇬🇧 Vikings · United Kingdom
959
+14
🇬🇧 Huns · United Kingdom
917
+20
🇩🇪 Ethiopians · Germany
906
+48
🇪🇸 Byzantines · Spain
922
-15
🇪🇸 Magyars · Spain
911
-15
🇪🇸 Mongols · Spain
905
-14
🇪🇸 Vietnamese · Spain
896
-14
SternBark0601
4:30 Loom
23:09 Feudal Age
23:38 Fishing Lines
24:06 Double-Bit Axe
25:44 Horse Collar
31:32 Castle Age
30:19 Fletching
30:30 Padded Archer Armor
32:22 Bodkin Arrow
32:42 Leather Archer Armor
32:35 Gold Mining
32:21 Crossbowman
34:05 Ballistics
37:31 Imperial Age
38:04 Arbalester
38:48 Bracer
39:27 Ring Archer Armor
41:41 Bogsveigar
RajiRupee237
3:13 Loom
16:24 Feudal Age
33:29 Double-Bit Axe
43:14 Castle Age
M@xAttacks
7:35 Loom
13:43 Feudal Age
15:36 Town Watch
18:11 Castle Age
16:07 Gold Mining
16:39 Fletching
17:40 Padded Archer Armor
17:36 Fishing Lines
18:31 Double-Bit Axe
18:18 Crossbowman
19:07 Bodkin Arrow
25:17 Wheelbarrow
26:10 Forging
26:01 Gillnets
27:29 Gold Shaft Mining
27:06 Bow Saw
27:52 Thumb Ring
32:25 Iron Casting
33:12 Hand Cart
32:57 Town Patrol
33:39 Leather Archer Armor
36:26 Stone Mining
39:58 Imperial Age
38:40 Ballistics
39:09 Horse Collar
41:04 Conscription
40:46 Torsion Engines
41:51 Chemistry
40:17 Arbalester
sebas4fr
17:15 Feudal Age
18:41 Wheelbarrow
18:56 Double-Bit Axe
21:49 Castle Age
19:43 Fletching
19:54 Padded Archer Armor
19:46 Gold Mining
19:46 Fishing Lines
19:54 Town Watch
19:56 Loom
23:00 Coinage
22:23 Gillnets
22:44 Medium Warships
26:05 Bodkin Arrow
26:25 Leather Archer Armor
27:32 Crossbowman
28:19 Stone Mining
31:30 Ballistics
32:57 Stone Shaft Mining
33:16 Circumnavigation
34:38 Thumb Ring
34:23 Treadmill Crane
39:01 Imperial Age
37:37 Hand Cart
39:33 Bow Saw
39:06 Arbalester
40:48 Chemistry
39:59 Masonry
39:55 Siege Engineers
40:23 Bracer
purotte^
14:52 Feudal Age
18:17 Double-Bit Axe
29:11 Castle Age
32:09 Gold Mining
31:59 Elite Skirmisher
33:30 Bow Saw
34:24 Fletching
36:58 Thumb Ring
38:50 Ballistics
39:51 Bodkin Arrow
Kuato
15:58 Feudal Age
15:05 Loom
16:55 Double-Bit Axe
18:21 Scale Barding Armor
18:28 Scale Barding Armor
20:25 Bloodlines
27:40 Castle Age
25:46 Horse Collar
28:48 Bow Saw
Manu
5:43 Loom
13:04 Feudal Age
16:18 Fishing Lines
19:20 Horse Collar
22:53 Double-Bit Axe
25:48 Castle Age
24:22 Stone Mining
26:01 Fletching
27:24 Bow Saw
27:36 Crossbowman
28:51 Heavy Plow
29:04 Bodkin Arrow
29:11 Padded Archer Armor
29:24 Gold Mining
31:59 Wheelbarrow
34:38 Thumb Ring
35:14 Hand Cart
34:45 Town Watch
36:47 Ballistics
36:25 Murder Holes
38:28 Leather Archer Armor
aSskinho
13:30 Feudal Age
17:06 Double-Bit Axe
18:39 Horse Collar
24:46 Fletching
28:23 Castle Age
32:44 Heavy Plow
32:50 Crossbowman
34:29 Elite Skirmisher
37:25 Stone Mining
37:28 Loom
Connection lost

Rejoining the realm…

Still unreachable

The connection could not be restored.

Session expired

The server has moved on; the page needs a fresh start.